AoeStats
← ATABEY

Fortress

510304563Analyzed
1v1 RM · 21h ago on Sep 30, 2026· 21m 41s· 2 players
Game mode
Random Map
Map size
Small (3 player)
Population
200
Speed
Normal
Resources
Standard
Victory
Conquest
Starting age
Dark Age
Ending age
Imperial Age
RankedLock teamsTeams togetherTeam positionsShared explorationLock speedFull tech treeHidden civsTurbo modeCheats
Victory
Defeat
🇮🇳 Burgundians · India
1420
+18
🇹🇷 Turks · Türkiye
1464
-18
HighEloREdiots
1:42 Double-Bit Axe
4:42 Horse Collar
8:00 Feudal Age
12:00 Castle Age
11:32 Bow Saw
18:24 Scale Barding Armor
20:11 Forging
21:50 Chain Barding Armor
ATABEY
8:01 Feudal Age
11:57 Castle Age
12:57 Loom
18:36 Imperial Age
Connection lost

Rejoining the realm…

Still unreachable

The connection could not be restored.

Session expired

The server has moved on; the page needs a fresh start.